Map: Prion Terraces

Players

Draco - Winner!

  • Race: Protoss Protoss
  • League: Master

A.I. 1 (Very Easy)

  • Race: Protoss Protoss

VOD

Have the link to the VOD?

Description

Time

  • Played on: Nov. 13, 2015, 7:19 p.m.
  • Length: 11:54
Show
View Real Time Build Order
Export as new Build Order

Draco Protoss - Winner!

Build Orders: 1 Gate Expand 

Get SALT Encoding   

  12  0:01  Probe (Chrono Boost)  
  13  0:13  Pylon  
  13  0:17  Probe (Chrono Boost)  
  14  0:28  Probe (Chrono Boost)  
  15  0:33  Gateway  
  15  0:39  Probe (Chrono Boost)  
  16  0:49  Probe (Chrono Boost)  
  17  0:50  Assimilator  
  17  0:55  Assimilator  
  17  1:00  Probe (Chrono Boost)  
  18  1:10  Probe (Chrono Boost)  
  19  1:21  Cybernetics Core, Probe (Chrono Boost)  
  20  1:31  Probe (Chrono Boost)  
  21  1:42  Nexus  
  21  1:49  Pylon  
  21  1:58  Mothership Core (Chrono Boost)  
  23  2:02  Warp Gate  
  23  2:11  Stalker  
  25  2:16  Probe (Chrono Boost)  
  26  2:26  Probe (Chrono Boost)  
  26  2:28  Pylon  
  28  2:37  Probe (Chrono Boost)  
  28  2:41  Robotics Facility  
  28  2:48  Probe (Chrono Boost)  
  28  2:50  Sentry  
  31  2:54  Probe (Chrono Boost)  
  32  2:59  Probe (Chrono Boost)  
  32  3:04  Probe (Chrono Boost)  
  34  3:09  Pylon  
  34  3:11  Probe (Chrono Boost)  
  35  3:17  Sentry  
  35  3:19  Gateway  
  37  3:23  Probe (Chrono Boost)  
  37  3:24  Probe (Chrono Boost)  
  39  3:28  Observer (Chrono Boost)  
  39  3:33  Probe (Chrono Boost)  
  39  3:34  Probe (Chrono Boost)  
  42  3:43  Probe  
  42  3:46  Probe  
  48  3:48  Immortal (Chrono Boost), Assimilator  
  48  3:54  Probe, Pylon  
  48  3:59  Probe  
  50  4:04  Probe  
  51  4:11  Probe  
  51  4:15  Probe  
  53  4:20  Assimilator  
  53  4:22  Immortal (Chrono Boost)  
  53  4:23  Probe, Zealot x2  
  62  4:30  Probe  
  62  4:31  Robotics Bay  
  62  4:35  Probe  
  64  4:41  Probe  
  65  4:47  Probe  
  66  4:54  Gateway  
  66  4:57  Gateway, Immortal (Chrono Boost)  
  70  5:00  Pylon  
  70  5:08  Pylon  
  70  5:19  Stalker  
  70  5:20  Stalker  
  74  5:29  Gateway  
  74  5:30  Gateway  
  74  5:31  Disruptor (Chrono Boost)  
  77  5:47  Pylon  
  77  5:48  Stalker x2  
  77  5:49  Pylon  
  81  5:51  Stalker x2  
  85  6:04  Probe  
  86  6:22  Probe  
  86  6:23  Probe  
  94  6:26  Colossus (Chrono Boost)  
  94  6:28  Extended Thermal Lance  
  94  6:32  Probe  
  94  6:36  Pylon  
  94  6:37  Pylon  
  94  6:38  Probe  
  89  7:26  Disruptor (Chrono Boost)  
  92  9:07  Forge  
Show
View Real Time Build Order
Export as new Build Order

A.I. 1 (Very Easy) Protoss 

Build Orders: 1 Gate Expand, Nexus First 

Get SALT Encoding   

  12  0:01  Probe (Chrono Boost)  
  13  0:11  Probe (Chrono Boost)  
  14  0:20  Pylon  
  14  0:42  Gateway  
  14  1:00  Nexus  
  14  1:20  Pylon  
  14  1:23  Assimilator  
  14  1:27  Zealot  
  16  1:36  Cybernetics Core  
  16  1:38  Probe (Chrono Boost)  
  17  1:50  Probe (Chrono Boost)  
  18  2:00  Assimilator  
  18  2:01  Probe (Chrono Boost)  
  19  2:12  Stalker, Probe (Chrono Boost)  
  22  2:17  Probe (Chrono Boost)  
  22  2:20  Warp Gate  
  23  2:25  Probe (Chrono Boost)  
  24  2:32  Probe (Chrono Boost)  
  25  2:40  Probe (Chrono Boost)  
  26  2:46  Probe (Chrono Boost), Assimilator  
  26  2:47  Pylon  
  27  2:53  Probe (Chrono Boost)  
  28  3:00  Probe (Chrono Boost)  
  29  3:08  Probe (Chrono Boost)  
  30  3:14  Probe (Chrono Boost)  
  30  3:16  Robotics Facility  
  31  3:22  Probe (Chrono Boost)  
  32  3:29  Adept  
  32  3:32  Probe (Chrono Boost)  
  35  3:40  Probe (Chrono Boost)  
  36  3:46  Probe (Chrono Boost)  
  37  3:55  Probe (Chrono Boost)  
  38  4:01  Probe (Chrono Boost)  
  39  4:03  Observer  
  39  4:09  Probe (Chrono Boost)  
  41  4:15  Probe (Chrono Boost)  
  42  4:20  Assimilator  
  42  4:23  Probe (Chrono Boost), Observer  
  43  4:29  Probe (Chrono Boost)  
  45  4:34  Pylon  
  45  4:37  Probe (Chrono Boost)  
  46  4:44  Probe (Chrono Boost)  
  47  4:47  Sentry  
  50  4:53  Probe (Chrono Boost)  
  50  6:10  Zealot  
  44  6:18  Observer  
  44  6:21  Pylon  
  44  6:24  Probe (Chrono Boost)  
  29  6:38  Probe (Chrono Boost)  
  29  6:39  Zealot  
  28  6:49  Probe (Chrono Boost)  
  27  7:00  Probe (Chrono Boost)  
  18  7:10  Probe (Chrono Boost)  
  18  7:12  Pylon  
  12  7:16  Gateway  
  12  7:21  Probe (Chrono Boost)  
  12  7:22  Robotics Facility  
Tags
 
Add a new tag
Caveats
  • Supply blocks, unpowered buildings, or Contaminate may cause inaccurate times.
  • Supply counts are checked every 10 seconds.